 Dungeon Sprint DCSS version 0.27-a0-1273-gec92ba881d (webtiles) character file.

Game seed: 14414476245018683000

7221 mhtbhm the Severer (level 10, -10/156 HPs)
             Began as a Minotaur Berserker on June 11, 2021.
             Was the Champion of Trog.
             Mangled by a spriggan defender
             ... wielding a +2 demon whip of venom
              (12 damage)
             ... in the Dungeon (Sprint IV: "Fedhas' Mad Dash").
             The game lasted 00:03:33 (3388 turns).

mhtbhm the Severer (Minotaur Berserker)             Turns: 3388, Time: 00:03:34

Health: -10/156    AC:  4    Str: 30    XL:     10   Next: 87%
Magic:  9/9        EV: 15    Int:  4    God:    Trog [******]
Gold:   254        SH:  0    Dex: 11    Spells: 9/9 levels left

rFire    . . .     SeeInvis .   a - +6 battleaxe "Peimamud" {vorpal, rC+}
rCold    + . .     Faith    .   (shield currently unavailable)
rNeg     . . .     Spirit   .   b - +0 leather armour
rPois    .         Reflect  .   (helmet restricted)
rElec    .         Harm     .   (no cloak)
rCorr    .         Rampage  .   (no gloves)
Will     +....     NoTele   +   (no boots)
Stlth    ..........             i - amulet of invisibility {+Inv}
HPRegen  0.36/turn              q - +6 ring of strength
MPRegen  0.11/turn              o - ring "Plog" {Wiz Will+}

@: berserking, lethally poisoned (-10 -> -78), very quick
A: horns 2, retaliatory headbutt
a: Renounce Religion, Evoke Invisibility, Berserk, Trog's Hand, Brothers in Arms


You were in the Dungeon.
You worshipped Trog.
Trog was exalted by your worship.
You visited 1 branch You collected 254 gold pieces.

Inventory:

Hand Weapons
 a - the +6 battleaxe "Peimamud" (weapon) {vorpal, rC+}
   (Trog gifted it to you in the Dungeon)

   It inflicts extra damage upon your enemies.
   It protects you from cold.
Armour
 b - a +0 leather armour (worn)
Jewellery
 i - the amulet of invisibility (around neck) {+Inv}
   (You found it in the Dungeon)

   [amulet of nothing]

   It lets you turn invisible.
 o - the ring "Plog" (right hand) {Wiz Will+}
   (You found it in the Dungeon)

   [ring of wizardry]

   It improves your spell success rate.
   It increases your willpower.
 q - a +6 ring of strength (left hand)
Wands
 l - a wand of flame (20)
 n - a wand of iceblast (8)
Scrolls
 h - a scroll of blinking
 k - a scroll of magic mapping {unknown}
 p - a scroll of fear {unknown}
Potions
 c - a potion of curing
 d - 2 potions of heal wounds
 e - a potion of haste
 f - 2 potions of magic
 g - a potion of berserk rage
 j - a potion of invisibility {unknown}
Miscellaneous
 m - a tin of tremorstones (2/2)


   Skills:
 + Level 14.5 Fighting
 + Level 16.5 Axes
 + Level 10.6 Armour
 + Level 8.7 Dodging
 + Level 10.9 Stealth
 + Level 8.1 Evocations


You had 9 spell levels left.
You didn't know any spells.
Your spell library was empty.

Dungeon Overview and Level Annotations

Branches:
Dungeon (1/1)

Altars:
Cheibriados
Dithmenos
Elyvilon
Gozag
Hepliaklqana
Kikubaaqudgha
Makhleb
Nemelex Xobeh
Okawaru
Qazlal
Ru
Sif Muna
Trog
Uskayaw
Vehumet
Wu Jian
Xom
Yredelemnul
Zin
The Shining One
Beogh
Jiyva
Lugonu

Shops:
D (*[:[=(=


Innate Abilities, Weirdness & Mutations

You have a pair of horns on your head.
You reflexively headbutt those who attack you in melee.


Message History

The floor.
Unknown command.
A red film seems to cover your vision as you go berserk!
You feel yourself moving faster!
You feel mighty!
The spriggan defender blocks your attack.
Your headbutt misses the spriggan defender.
The spriggan defender hits you with a +2 demon whip of venom!!
You are poisoned.
The spriggan defender blocks your attack.
Your headbutt misses the spriggan defender.
You feel very sick.
The spriggan defender hits you with a +2 demon whip of venom.
You are more poisoned.
You barely miss the spriggan defender.
Your headbutt misses the spriggan defender.
You feel very sick.
The spriggan defender hits you with a +2 demon whip of venom!!
You are more poisoned.
The spriggan defender blocks your attack.
Your headbutt misses the spriggan defender.
You feel very sick.
The spriggan defender hits you with a +2 demon whip of venom!
You are more poisoned.
You barely miss the spriggan defender.
Your headbutt misses the spriggan defender.
You feel extremely sick.
The spriggan defender hits you with a +2 demon whip of venom!!
You are more poisoned.
You slice the spriggan defender like a ripe choko!!!
The spriggan defender is severely wounded.
* * * LOW HITPOINT WARNING * * *
You feel extremely sick.
The spriggan defender hits you with a +2 demon whip of venom!!
* * * LOW HITPOINT WARNING * * *
You miss the spriggan defender.
The spriggan defender is severely wounded.
* * * LOW HITPOINT WARNING * * *
You feel extremely sick.
The spriggan defender hits you with a +2 demon whip of venom!
You die...

#############.....[###)....♣.#
..♣(###.'.)'.....)['.')).♣..∩#
♣..♣##:.#.)#.P..)..###########
.♣).###.##'##.P....#
...♣'...#♣.♣########
#########.....####
###..♣..♣....###
#.).♣......♣...♣###
.........♣.....∩@i...|#
..#####################


You could see a spriggan defender.

Vanquished Creatures
  Agnes (D)
  A spriggan berserker (D)
  A spriggan druid (D)
  6 oklob plants (D)
  A demonic crawler (D)
  3 burning bushes (D)
  A queen bee (D)
  A hornet (D)
  3 wandering mushrooms (D)
  3 scorpions (D)
  4 killer bees (D)
  5 oklob saplings (D)
  5 spriggans (D)
  A river rat (D)
  A rat (D)
  A ballistomycete spore (D)
38 creatures vanquished.

Notes
Turn   | Place    | Note
-------+----------+-------------------------------------------
     0 | D        | mhtbhm the Minotaur Berserker began the quest for the Orb.
     0 | D        | Reached XP level 1. HP: 19/19 MP: 0/0
    12 | D        | Reached skill level 4 in Axes
    12 | D        | Reached XP level 2. HP: 16/28 MP: 1/1
   290 | D        | Noticed a scorpion
   291 | D        | Noticed an oklob sapling
   292 | D        | Killed an oklob sapling
   292 | D        | Reached ** piety under Trog
   293 | D        | Reached skill level 6 in Axes
   293 | D        | Reached XP level 3. HP: 37/37 MP: 2/2
   294 | D        | Killed a scorpion
   295 | D        | Reached skill level 7 in Axes
   295 | D        | Reached XP level 4. HP: 47/47 MP: 3/3
   298 | D        | Found the amulet of invisibility {+Inv}
   532 | D        | Found an opulent altar of Gozag.
   532 | D        | Found a hazy altar of Hepliaklqana.
   532 | D        | Found a burning altar of Makhleb.
   532 | D        | Found a sparkling altar of Nemelex Xobeh.
   532 | D        | Found a snail-covered altar of Cheibriados.
   532 | D        | Found a sacrificial altar of Ru.
   532 | D        | Found a shimmering blue altar of Sif Muna.
   532 | D        | Found a shimmering altar of Xom.
   532 | D        | Found a basalt altar of Yredelemnul.
   534 | D        | Found a viscous altar of Jiyva.
   534 | D        | Found a bloodstained altar of Trog.
   534 | D        | Found an ornate altar of the Wu Jian Council.
   535 | D        | Found an iron altar of Okawaru.
   535 | D        | Found a shadowy altar of Dithmenos.
   535 | D        | Found a glowing silver altar of Zin.
   536 | D        | Found an ancient bone altar of Kikubaaqudgha.
   536 | D        | Found a hide-covered altar of Uskayaw.
   537 | D        | Found a stormy altar of Qazlal.
   537 | D        | Found a white marble altar of Elyvilon.
   537 | D        | Found a glowing golden altar of the Shining One.
   538 | D        | Found a corrupted altar of Lugonu.
   538 | D        | Found a radiant altar of Vehumet.
   546 | D        | Reached skill level 8 in Axes
   546 | D        | Reached skill level 1 in Stealth
   546 | D        | Reached XP level 5. HP: 53/53 MP: 1/4
   620 | D        | Reached *** piety under Trog
   845 | D        | Reached skill level 9 in Axes
   845 | D        | Reached skill level 5 in Armour
   845 | D        | Reached skill level 1 in Evocations
   848 | D        | Reached **** piety under Trog
   849 | D        | Reached skill level 10 in Axes
   849 | D        | Reached XP level 6. HP: 56/66 MP: 5/5
   984 | D        | Found Bianeg's General Store.
   984 | D        | Found Ecweng's Weapon Emporium.
   996 | D        | Noticed a burning bush
   996 | D        | Noticed a wandering mushroom
   997 | D        | Noticed a wandering mushroom
  1003 | D        | Reached skill level 10 in Fighting
  1003 | D        | Reached skill level 5 in Dodging
  1003 | D        | Killed a burning bush
  1004 | D        | Reached skill level 11 in Axes
  1004 | D        | Reached XP level 7. HP: 60/74 MP: 3/6
  1004 | D        | Killed a wandering mushroom
  1005 | D        | Reached skill level 12 in Axes
  1008 | D        | Killed a wandering mushroom
  1019 | D        | Found Wezyfi's Jewellery Emporium.
  1019 | D        | Found Unlouf's Armour Shoppe.
  1389 | D        | Noticed a queen bee
  1397 | D        | Reached ***** piety under Trog
  1401 | D        | Killed a queen bee
  1402 | D        | Reached XP level 8. HP: 85/85 MP: 5/7
  1403 | D        | Reached skill level 13 in Axes
  1552 | D        | Noticed an oklob plant
  1559 | D        | Killed an oklob plant
  1798 | D        | Noticed a burning bush
  1810 | D        | Killed a burning bush
  1978 | D        | Noticed a burning bush
  1978 | D        | Noticed an oklob plant
  1979 | D        | Noticed a wandering mushroom
  1986 | D        | Killed a burning bush
  1987 | D        | Reached skill level 14 in Axes
  1987 | D        | Reached skill level 5 in Evocations
  1987 | D        | Reached XP level 9. HP: 77/93 MP: 5/8
  2001 | D        | Killed an oklob plant
  2001 | D        | Identified the +6 battleaxe "Peimamud" {vorpal, rC+} (Trog
                  | gifted it to you in the Dungeon)
  2001 | D        | Received a gift from Trog
  2002 | D        | Reached skill level 5 in Stealth
  2006 | D        | Identified the ring "Plog" {Wiz Will+}
  2358 | D        | Noticed a spriggan druid
  2362 | D        | Killed a spriggan druid
  2407 | D        | Noticed an oklob plant conjurer
  2411 | D        | Killed an oklob plant conjurer
  2412 | D        | Reached skill level 15 in Axes
  2757 | D        | Noticed an oklob plant
  2757 | D        | Noticed an oklob plant summoner
  2758 | D        | Noticed an oklob plant shifter
  2764 | D        | Killed an oklob plant
  2765 | D        | Reached skill level 10 in Armour
  2766 | D        | Killed an oklob plant summoner
  2766 | D        | Received a gift from Trog
  2766 | D        | Reached ****** piety under Trog
  2767 | D        | Reached XP level 10. HP: 77/103 MP: 7/9
  2769 | D        | Killed an oklob plant shifter
  2966 | D        | Noticed a spriggan rider
  2967 | D        | Found Joblufi's Weapon Emporium.
  2982 | D        | Found Tatsaoc's Jewellery Shoppe.
  3160 | D        | Noticed Agnes
  3168 | D        | Killed Agnes
  3168 | D        | Received a gift from Trog
  3169 | D        | Reached skill level 16 in Axes
  3169 | D        | Reached skill level 10 in Stealth
  3225 | D        | Found Ginluy's Armour Emporium.
  3225 | D        | Noticed a spriggan berserker
  3231 | D        | Killed a spriggan berserker
  3374 | D        | Found Ytuiraa's Book Shoppe.
  3377 | D        | Noticed a spriggan defender
  3388 | D        | HP: 2/156 [poisoned by a spriggan defender]
  3388 | D        | Mangled by a spriggan defender

Illustrated notes

Levels and vault maps discovered:
D:        dungeon_sprint_fedhas [sprint_temple]

Skill      XL: |  1  2  3  4  5  6  7  8  9 10 |
---------------+-------------------------------+-----
Fighting       | 4 6 7 8 9 11 12 13 14 | 14.5
Axes           | 4 6 7 8 10 11 12 14 15 16 | 16.5
Armour         | 3 4 5 6 7 8 10 | 10.6
Dodging        | 3 4 5 6 7 8 |  8.7
Stealth        | 1 2 3 4 7 10 | 10.9
Evocations     | 1 2 3 5 6 8 |  8.1

Action                   |  1- 3 |  4- 6 |  7- 9 | 10-12 || total
-------------------------+-------+-------+-------+-------++-------
Melee: Hand axe          |     7 |    18 |    53 |       ||    78
       Headbutt          |     2 |     5 |    26 |     2 ||    35
       Battleaxe         |       |       |     9 |    26 ||    35
Invok: Berserk           |     2 |     4 |     6 |     4 ||    16
 Abil: Evoke Invisibilit |       |     2 |     3 |       ||     5
Evoke: Wand              |       |       |     1 |     2 ||     3
 Stab: Invisible         |       |     1 |     7 |       ||     8
       Sleeping          |       |       |     5 |     2 ||     7
Armor: Leather armour    |       |       |     1 |       ||     1
Dodge: Dodged            |     4 |     4 |    14 |    15 ||    37

Table legend: (Time is in decaauts)
 A = Elapsed time spent in this place.
 B = Non-inter-level travel time spent in this place.
 C = Inter-level travel time spent in this place.
 D = Time resting spent in this place.
 E = Time spent auto-exploring this place.
 F = Levels seen in this place.
 G = Mean time per level.
                   A        B        C        D        E       F      G
               +--------+--------+--------+--------+--------+-----+--------+
         Total |   3491 |   3491 |      0 |   2831 |    229 |   1 | 3491.0 |
       Dungeon |   3491 |   3491 |      0 |   2831 |    229 |   1 | 3491.0 |
               +--------+--------+--------+--------+--------+-----+--------+

Top non-repeatable levels by time:
       D: 3491 daAuts
